 Dungeon Crawl Stone Soup version 0.29.1-12-g30fa7ad0bf (webtiles) character file.

Game seed: 8103624387165766500

887 styxcanada the Covert (level 7, -2/36 HPs)
             Began as a Spriggan Brigand on Dec 26, 2022.
             Slain by a mummy (11 damage)
             ... in an ossuary.
             The game lasted 00:17:29 (4587 turns).

styxcanada the Covert (Spriggan Brigand)            Turns: 4587, Time: 00:17:30

Health: -2/36      AC:  6    Str:  7    XL:     7   Next: 77%
Magic:  8/8        EV: 23    Int: 12    God:
Gold:   308        SH:  0    Dex: 19    Spells: 6/6 levels left

rFire   + . .      SeeInvis +   l - +0 short sword (venom)
rCold   . . .      Faith    .   (no shield)
rNeg    . . .      Spirit   .   y - +2 robe {Will+}
rPois   .          Reflect  .   (helmet restricted)
rElec   .          Harm     .   i - +1 cloak
rCorr   .          Rampage  .   (gloves unavailable)
Will    ++...                   (boots unavailable)
Stlth   +++++.....              (no amulet)
HPRegen 0.12/turn               j - ring of protection from fire
MPRegen 0.11/turn               n - +4 ring of evasion

@: very quick
A: very small, no large weapons, unfitting armour, see invisible, speed 3
a: no special abilities


You were in an ossuary.
You visited 1 branch of the dungeon, and saw 5 of its levels.
You also visited: Ossuary.

You collected 389 gold pieces.
You spent 81 gold pieces at shops.

Inventory:

Hand Weapons
 a - a +2 dagger
 l - a +0 short sword of venom (weapon)
 q - a +0 sling
 s - a +2 quarterstaff of chaos
Missiles
 d - 19 poisoned darts (quivered)
 e - 3 curare-tipped darts
 k - a boomerang
 w - 8 stones
 x - 6 atropa-tipped darts
Armour
 i - a +1 cloak (worn)
 y - a +2 robe of willpower (worn)
Jewellery
 j - a ring of protection from fire (left hand)
 n - a +4 ring of evasion (right hand)
 p - a ring of protection from fire
 u - a ring of protection from fire
 v - a +6 ring of strength
 A - a ring of protection from cold
Scrolls
 b - a scroll of poison {unknown}
 h - 4 scrolls of teleportation
 z - a scroll of butterflies
Potions
 c - a potion of might
 f - 5 potions of curing
 g - a potion of lignification
 m - 2 potions of heal wounds
 o - 2 potions of invisibility {unknown}
 r - 2 potions of flight {unknown}
 t - a potion of haste {unknown}


   Skills:
 * Level 3.2 Fighting
 + Level 4.8 Short Blades
 + Level 3.0 Throwing
 * Level 4.5 Dodging
 * Level 10.6 Stealth


You had 6 spell levels left.
You didn't know any spells.
Your spell library contained the following spells:

 Spells                   Type           Power      Damage    Failure   Level
 Conjure Flame            Conj/Fire      0%         6-21      69%         3
 Ignite Poison            Fire/Tmut/Pois 0%         N/A       69%         3
 Corpse Rot               Necr/Pois/Air  0%         N/A       97%         4
 Dispel Undead            Necr           0%         3d6       97%         4
 Sticky Flame             Conj/Fire      0%         2d3       97%         4
 Death Channel            Necr           0%         N/A       100%        6


Dungeon Overview and Level Annotations

Branches:
Dungeon (5/15)            Ossuary (1/1)
 Temple: D:4-7

Altars:
Fedhas
Uskayaw

Shops:
D:5 [

Annotations:
D:4 gdog's ghost, weakling GnDe


Innate Abilities, Weirdness & Mutations

You are very small and have problems with some larger weapons.
You are too small for most types of armour.
You have supernaturally acute eyesight. (SInv)
You cover ground extremely quickly. (Speed+++)


Message History

You destroy the mummy!
The orc zombie closely misses you. The orc zombie completely misses you.
The gnoll zombie hits you.
* * * LOW HITPOINT WARNING * * *
The gnoll zombie completely misses you. The mummy misses you.
A mummy comes into view.
A mummy comes into view.
Your +0 short sword of venom begins to drip with poison!
l - a +0 short sword of venom (weapon)
The helpless mummy fails to defend itself.
You spit the mummy like a pig!!!
You destroy the mummy!
A mummy comes into view.
A mummy comes into view.
You feel much better.
A mummy comes into view.
The mummy barely misses you.
You hit the mummy.
The mummy is lightly damaged.
You hit the mummy.
The mummy is moderately damaged.
The mummy hits you!
You hit the mummy. You punch the mummy.
The mummy is heavily damaged.
You barely miss the mummy.
The mummy is heavily damaged.
The mummy misses you. The mummy completely misses you.
You hit the mummy but do no damage.
The mummy is heavily damaged.
You hit the mummy.
The mummy is almost destroyed.
The mummy misses you. The mummy hits you!
* * * LOW HITPOINT WARNING * * *
You hit the mummy.
The mummy is almost destroyed.
Unknown command.
You hit the mummy but do no damage.
The mummy is almost destroyed.
The mummy hits you!
You die...

###############
##..MZZM@M......#
##....ZM####......#
#.....Z##..## .....
#.....##....##M....
#..................
##................#
##...M..........#
#+##........##+
##......##


You could see 4 mummies, 2 gnoll zombies, a kobold zombie and an orc zombie.

Vanquished Creatures
  Eustachio (D:5)
  A black bear (D:5)
  An ogre (D:5)
  A bullfrog (D:4)
  A howler monkey (D:4)
  An orc priest (D:3)
  A hound (D:5)
  Crazy Yiuf (D:2)
  3 iguanas
  2 orc wizards (D:3)
  3 mummies (Ossuary)
  4 gnolls (D:5)
  7 adders
  An ufetubus (D:5)
  5 dart slugs
  9 orcs
  9 ball pythons
  3 bats
  7 endoplasms
  5 giant cockroaches
  8 goblins
  4 hobgoblins
  6 quokkas
  5 frilled lizards
  A goblin zombie (D:5)
  A hobgoblin zombie (Ossuary)
  16 kobolds
  A kobold zombie (Ossuary)
  An orc zombie (Ossuary)
  4 rats
113 creatures vanquished.

Notes
Turn   | Place    | Note
-------+----------+-------------------------------------------
     0 | D:1      | styxcanada the Spriggan Brigand began the quest for the
                  | Orb.
     0 | D:1      | Reached XP level 1. HP: 10/10 MP: 2/2
   158 | D:1      | Reached skill level 6 in Stealth
   354 | D:1      | Reached XP level 2. HP: 15/15 MP: 3/3
   833 | D:2      | Found a faded altar of an unknown god.
  1030 | D:2      | Reached XP level 3. HP: 18/18 MP: 4/4
  1036 | D:2      | Reached skill level 7 in Stealth
  1504 | D:2      | Reached XP level 4. HP: 23/23 MP: 5/5
  1780 | D:2      | Found a runed translucent door.
  1781 | D:2      | Noticed Crazy Yiuf
  1843 | D:2      | Killed Crazy Yiuf
  2086 | D:3      | Found a hide-covered altar of Uskayaw.
  2280 | D:3      | Reached skill level 8 in Stealth
  2280 | D:3      | Reached XP level 5. HP: 19/26 MP: 6/6
  3363 | D:4      | Found a runed translucent gate.
  3363 | D:4      | Found a runed translucent gate.
  3363 | D:4      | Found a runed translucent gate.
  3364 | D:4      | Noticed gdog's ghost (weakling GnDe)
  3388 | D:4      | Reached XP level 6. HP: 31/31 MP: 7/7
  3507 | D:4      | Reached skill level 9 in Stealth
  3835 | D:5      | Entered Level 5 of the Dungeon
  4029 | D:5      | Reached XP level 7. HP: 13/35 MP: 8/8
  4246 | D:5      | Found Sahyom's Antique Armour Emporium.
  4250 | D:5      | Bought a runed robe for 81 gold pieces
  4278 | D:5      | Noticed Eustachio
  4316 | D:5      | Killed Eustachio
  4317 | D:5      | Reached skill level 10 in Stealth
  4433 | D:5      | Found a blossoming altar of Fedhas.
  4504 | D:5      | Found a sand-covered staircase.
  4513 | Ossuary  | Entered an ossuary
  4587 | Ossuary  | Slain by a mummy

Illustrated notes

Levels and vault maps discovered:
D:1:      mushboom_english_gardens, layout_loops_cross,
          amcnicky_mini_corridor_feature, nrook_loot_triangle,
          wander_ebering_terrifying_dragon_lair
D:2:      minmay_kobold_bridge, layout_basic,
          shapermc_ecumenical_altar_acropolis, uniq_crazy_yiuf_cottage
D:3:      minmay_angry_zag, layout_basic, nicolae_uskayaw_dance_hall
D:4:      layout_cave_pools, gammafunk_ghost_split
D:5:      layout_loops_ring, mainiacjoe_overflow_catwalk, serial_shops, shop,
          enter_ossuary_3, uniq_eustachio
Ossuary:  ossuary_tomb_3

Skill      XL: |  1  2  3  4  5  6  7 |
---------------+----------------------+-----
Stealth        | 6 7 8 9 10 | 10.6
Dodging        | 2 3 4 |  4.5
Fighting       | 2 3 |  3.2
Short Blades   | 3 4 |  4.8
Throwing       | 3 |  3.0

Action                   |  1- 3 |  4- 6 |  7- 9 || total
-------------------------+-------+-------+-------++-------
Melee: Dagger            |     7 |       |       ||     7
       Short sword       |    66 |   174 |    33 ||   273
       Punch             |       |     4 |     3 ||     7
       Quarterstaff      |       |       |    18 ||    18
 Fire: Sling             |       |       |     5 ||     5
Throw: Dart              |     7 |    30 |     4 ||    41
  Use: Scroll            |       |     6 |     1 ||     7
       Potion            |       |     2 |     1 ||     3
 Stab: Sleeping          |    12 |    11 |     3 ||    26
       Distracted        |       |     1 |       ||     1
Armor: Robe              |     7 |    11 |     9 ||    27
Dodge: Dodged            |    52 |   125 |    92 ||   269
